 Dungeon Crawl Stone Soup version 0.26-a0-597-gb535b0901c (webtiles) character file.

Game seed: 6339356250508330553

140 Alarkh the Insei (level 5, 38/38 HPs)
             Began as a Demonspawn Gladiator on Sept 12, 2020.
             Got out of the dungeon alive.
             The game lasted 00:02:23 (2896 turns).

Alarkh the Insei (Demonspawn Gladiator)             Turns: 2896, Time: 00:02:24

Health: 38/38      AC:  4    Str: 14    XL:     5   Next: 2%
Magic:  5/5        EV: 14    Int: 11    God:
Gold:   156        SH:  0    Dex: 14    Spells: 4/4 levels left

rFire    + . .     SeeInvis .     - Unarmed
rCold    . . .     Faith    .   (no shield)
rNeg     . . .     Spirit   .   a - +0 leather armour
rPois    .         Reflect  .   (helmet restricted)
rElec    .         Harm     .   e - +0 cloak
rCorr    .                      (no gloves)
MR       .....                  (no boots)
Stlth    +.........             (no amulet)
HPRegen  0.12/turn              (no ring)
MPRegen  0.09/turn              (no ring)

@: no status effects
A: antennae 1, repulsion field 1, fire resistance 1, powered by death 1
a: no special abilities


You escaped.
You visited 1 branch of the dungeon, and saw 3 of its levels.

You collected 156 gold pieces.

Inventory:

Missiles
 c - 3 throwing nets (quivered)
Armour
 a - a +0 leather armour (worn)
 b - a +0 helmet
 e - a +0 cloak (worn)
Wands
 n - a wand of polymorph (2)
Scrolls
 d - 3 scrolls of enchant armour {unknown}
 f - 2 scrolls of remove curse {unknown}
 g - a scroll of fog {unknown}
 h - a scroll of magic mapping {unknown}
 k - 7 scrolls of identify {unknown}
 m - a scroll of enchant weapon {unknown}
Potions
 i - a potion of curing {unknown}
 j - a potion of lignification {unknown}
 l - a potion of brilliance {unknown}
 o - a potion of might {unknown}
 p - a potion of stabbing {unknown}


   Skills:
 - Level 2.0 Fighting
 - Level 1.7 Throwing
 - Level 2.6 Dodging
 + Level 5.2 Unarmed Combat


You had 4 spell levels left.
You didn't know any spells.
Your spell library was empty.

Dungeon Overview and Level Annotations

Branches:
Dungeon (3/15)

Altars:
Dithmenos

Annotations:
D:3 2 transporters, Ashen's ghost, amateur NaWz


Innate Abilities, Weirdness & Mutations

You have a pair of small antennae on your head.
You are surrounded by a mild repulsion field. (EV +2)
Your flesh is heat resistant. (rF+)
You regenerate a little health from kills.


Message History

The kobold hits you.
You hit the kobold.
You kill the kobold!
No target in view!
No target in view!
No target in view!
No target in view!
No target in view!
(D) Dungeon
Where to? (Enter - D:2 @ (x,y), ? - help) HP restored.
There is a stone staircase leading up here.
You climb upwards.
There is a stone staircase leading down here.
You see here a +0 club.
You enter the shallow water.
Moving in this stuff is going to be slow.
There is a staircase leading out of the dungeon here.
Are you sure you want to leave the Dungeon?
This will make you lose the game!
You have escaped!

#.#.#.######..............#
#.#..........#.#.##.#######
#.###.#####.........#
#.....# #.######### #######
### #≈≈≈### #≈≈≈≈## #≈≈≈≈##
######≈≈≈≈########
###########@.....≈≈≈≈.......
#........##.......≈≈≈.......
#.#####..##.......≈≈≈.......
#.##.....##.......≈≈≈≈....).
#.##.##..##.......≈≈≈≈......
#.#...#..##.......≈≈≈≈......
#.....†..##........≈≈≈......
#........##........≈≈≈......
#......####>.......≈≈≈≈.....


There were no monsters in sight!

Vanquished Creatures
  Ijyb (D:3)
  3 adders
  2 oozes
  2 worms
  2 dart slugs (D:1)
  3 leopard geckos
  An orc (D:2)
  2 ball pythons (D:3)
  10 bats
  2 giant cockroaches
  2 goblins (D:3)
  10 hobgoblins
  2 quokkas (D:3)
  5 frilled lizards
  9 kobolds
  12 rats
68 creatures vanquished.

Vanquished Creatures (others)
  6 plants (D:3)
6 creatures vanquished.

Grand Total: 74 creatures vanquished

Notes
Turn   | Place    | Note
-------+----------+-------------------------------------------
     0 | D:1      | Alarkh the Demonspawn Gladiator began the quest for the
                  | Orb.
     0 | D:1      | Reached XP level 1. HP: 16/16 MP: 1/1
    85 | D:1      | Reached skill level 3 in Unarmed Combat
   336 | D:1      | Gained mutation: You regenerate a little health from kills.
                  | [demonic ancestry]
   336 | D:1      | Reached XP level 2. HP: 19/22 MP: 2/2
  1177 | D:2      | Gained mutation: You are surrounded by a mild repulsion
                  | field. (EV +2) [demonic ancestry]
  1177 | D:2      | Reached XP level 3. HP: 27/27 MP: 3/3
  1301 | D:2      | Reached skill level 4 in Unarmed Combat
  1997 | D:3      | Gained mutation: You have a pair of small antennae on your
                  | head. [demonic ancestry]
  1997 | D:3      | Reached XP level 4. HP: 28/33 MP: 4/4
  2015 | D:3      | Noticed Ijyb
  2031 | D:3      | Killed Ijyb
  2390 | D:3      | Found a transporter.
  2390 | D:3      | Identified the cursed +0 scale mail of Beauty {+Blink rN++
                  | Str+3}
  2390 | D:3      | Identified the cursed +0 buckler "Diceph" {MR++ rCorr Dex-3
                  | Slay+3}
  2390 | D:3      | Noticed a gnoll sergeant
  2427 | D:3      | Reached skill level 5 in Unarmed Combat
  2568 | D:3      | Found a transporter.
  2576 | D:3      | Noticed Ashen's ghost (amateur NaWz)
  2670 | D:3      | Found a shadowy altar of Dithmenos.
  2690 | D:3      | Gained mutation: Your flesh is heat resistant. (rF+)
                  | [demonic ancestry]
  2690 | D:3      | Reached XP level 5. HP: 26/38 MP: 5/5
  2896 | D:$      | Got out of the dungeon alive.

Illustrated notes

Levels and vault maps discovered:
D:1:      lemuel_arrival_river_ford, layout_loops_corners,
          chequers_serial_rivers_small_b, st_stairs_4
D:2:      layout_basic
D:3:      layout_rooms, nicolae_dithmenos_shadow_blocks,
          gammafunk_ghost_gnarly_gnolls, uniq_ijyb

Skill      XL: |  1  2  3  4 |
---------------+-------------+-----
Unarmed Combat | 3 4 5 |  5.2
Fighting       | |  2.0
Throwing       | |  1.7
Dodging        | |  2.6

Action                   |  1- 3 |  4- 6 || total
-------------------------+-------+-------++-------
Melee: Unarmed           |   180 |    84 ||   264
       Punch             |     3 |     3 ||     6
Armor: Leather armour    |    57 |    20 ||    77
       Skin              |       |     2 ||     2
Dodge: Dodged            |   101 |    47 ||   148

Table legend: (Time is in decaauts)
 A = Elapsed time spent in this place.
 B = Non-inter-level travel time spent in this place.
 C = Inter-level travel time spent in this place.
 D = Time resting spent in this place.
 E = Time spent auto-exploring this place.
 F = Levels seen in this place.
 G = Mean time per level.
                   A        B        C        D        E       F      G
               +--------+--------+--------+--------+--------+-----+--------+
         Total |   2885 |   2742 |    143 |    355 |   1913 |   3 |  961.7 |
       Dungeon |   2885 |   2742 |    143 |    355 |   1913 |   3 |  961.7 |
               +--------+--------+--------+--------+--------+-----+--------+

Top non-repeatable levels by time:
     D:1: 1174 daAuts
     D:3: 877 daAuts
     D:2: 833 daAuts
